 Dungeon Crawl Stone Soup version 0.20.0-4-g10b340a (webtiles) character file.

540 Rrauwl the Ruffian (level 7, 0/97 HPs)
             Began as a Troll Artificer on May 28, 2017.
             Slain by an iguana (9 damage)
             ... on level 4 of the Dungeon.
             The game lasted 00:05:30 (1885 turns).

Rrauwl the Ruffian (Troll Artificer)                Turns: 1885, Time: 00:05:30

Health: 0/97       AC:  5    Str: 26    XL:     7   Next: 5%
Magic:  5/7        EV: 10    Int:  9    God:
Gold:   134        SH:  0    Dex: 12    Spells: 6/6 levels left

rFire    + . .     SeeInvis .     - Unarmed
rCold    . . .     Gourm    +   (no shield)
rNeg     . . .     Faith    .   b - +0 robe
rPois    .         Spirit   .   (helmet restricted)
rElec    .         Reflect  .   (no cloak)
rCorr    .         Harm     .   (gloves unavailable)
MR       .....                  (boots unavailable)
Stlth    ..........             g - amulet of rage
Regen    0.7/turn               n - ring of protection from fire
MPRegen  0.1/turn               (no ring)

@: berserking, lethally poisoned (0 -> -1), very quick
A: unfitting armour, claws 3, hooves 1, blurry vision 1, clever 1, fast
metabolism 3, gourmand, low mp 1, regeneration 1, shaggy fur 1, tough skin 2
a: Evoke Berserk Rage


You were on level 4 of the Dungeon.
You were very full.

You visited 1 branch of the dungeon, and saw 4 of its levels.

You collected 134 gold pieces.

Inventory:

Missiles
 q - 6 tomahawks (quivered)
Armour
 b - a +0 robe (worn)
Jewellery
 g - an amulet of rage (around neck)
 n - a ring of protection from fire (left claw)
 p - a +4 ring of strength {unknown}
Wands
 c - a wand of flame (15/48)
 d - a wand of enslavement (15/24)
 e - a wand of random effects (15/48)
Scrolls
 h - 7 scrolls of identify {unknown}
 k - 3 scrolls of remove curse {unknown}
 l - a scroll of fear {unknown}
 m - a scroll of teleportation {unknown}
Potions
 a - a potion of agility {unknown}
 s - a potion of resistance {unknown}
Comestibles
 f - 6 bread rations
 i - a royal jelly
 j - a chunk of flesh
 r - a meat ration


   Skills:
 - Level 2.0 Fighting
   Level 0.7 Short Blades
 - Level 2.0 Dodging
 - Level 0.3 Stealth
 + Level 6.4 Unarmed Combat
 + Level 2.5 Evocations


You had 6 spell levels left.
You didn't know any spells.

Dungeon Overview and Level Annotations

Branches:
Dungeon (4/15)
 Temple: D:4-7

Altars:


Innate Abilities, Weirdness & Mutations

You are too large for most types of armour.
You have claws for hands.
Your metabolism is lightning-fast.
You like to eat raw meat.
Your natural rate of healing is unusually fast.
You are covered in fur. (AC +1)
You have very tough skin. (AC +2)
You have large cloven feet.
Scrolls take you a little longer to read.
Your mind is acute. (Int +2)
Your magical capacity is low. (-10% MP)


Message History

You barely miss the ogre. You kick the ogre, but do no damage.
The ogre is heavily wounded.
You completely miss the ogre. You kick the ogre, but do no damage.
The ogre is heavily wounded.
The ogre hits you with a giant club!!
* * * LOW HITPOINT WARNING * * *
You are too injured to fight recklessly!
You feel much better.
You feel sick. The iguana barely misses you.
The ogre hits you but does no damage.
You fail to use your ability.
The iguana bites you!
A red film seems to cover your vision as you go berserk!
You feel yourself moving faster!
You feel mighty!
You feel a lot less full. The ogre hits you with a giant club!!
* * * LOW HITPOINT WARNING * * *
The iguana misses you.
You scratch the ogre. You kick the ogre. You claw the ogre!
You kill the ogre!
You have reached level 7!
The iguana bites you!
You die...

###### )....
#...# ....#
#...##.##
#######........
#.........#
#.l.)..####
#.)@...#
#..........#
#..?#......#
#.. #.$....# #
###...## #...#
###.# .#


You could see an iguana.

Vanquished Creatures
  The ghost of GordonOverkill the Skirmisher, an amateur MiCj of Trog (D:3)
  An orc warrior (D:3)
  An ogre (D:4)
  A hound (D:3)
  An orc wizard (D:3)
  A worker ant (D:4)
  9 adders
  5 dart slugs
  3 orcs
  4 bats
  9 goblins
  5 hobgoblins
  2 jackals (D:3)
  5 kobolds
  A quokka (D:3)
  A ball python (D:3)
  5 frilled lizards
  5 rats
60 creatures vanquished.

Notes
Turn   | Place    | Note
-------+----------+-------------------------------------------
     0 | D:1      | Rrauwl the Troll Artificer began the quest for the Orb.
     0 | D:1      | Reached XP level 1. HP: 18/18 MP: 1/1
    22 | D:1      | Reached skill level 1 in Fighting
   184 | D:1      | Reached XP level 2. HP: 27/27 MP: 2/2
   651 | D:2      | Reached skill level 1 in Unarmed Combat
   653 | D:2      | Reached XP level 3. HP: 30/35 MP: 3/3
   891 | D:2      | Reached skill level 2 in Unarmed Combat
   891 | D:2      | Reached XP level 4. HP: 42/42 MP: 4/4
  1157 | D:3      | Found a faded altar of an unknown god.
  1193 | D:3      | Noticed GordonOverkill's ghost (amateur MiCj)
  1196 | D:3      | Gained mutation: Scrolls take you a little longer to read. [potion of mutation]
  1196 | D:3      | Gained mutation: Your mind is acute. (Int +2) [potion of mutation]
  1196 | D:3      | Gained mutation: Your magical capacity is low. (-10% MP) [potion of mutation]
  1196 | D:3      | Gained mutation: You have large cloven feet. [potion of mutation]
  1209 | D:3      | Killed GordonOverkill's ghost
  1209 | D:3      | Reached skill level 4 in Unarmed Combat
  1209 | D:3      | Reached XP level 5. HP: 18/49 MP: 4/4
  1465 | D:3      | Reached skill level 5 in Unarmed Combat
  1465 | D:3      | Reached XP level 6. HP: 55/57 MP: 5/5
  1511 | D:3      | Noticed an orc warrior
  1521 | D:3      | Killed an orc warrior
  1524 | D:3      | Reached skill level 6 in Unarmed Combat
  1885 | D:4      | Reached XP level 7. HP: 8/65 MP: 5/7
  1885 | D:4      | Slain by an iguana

Skill      XL: |  1  2  3  4  5  6 |
---------------+-------------------+-----
Fighting       | 1 2 |  2.0
Dodging        | 2 |  2.0
Unarmed Combat | 1 2 4 5 6 |  6.4
Short Blades   | |  0.7
Stealth        | |  0.3
Evocations     | |  2.5

Action                   |  1- 3 |  4- 6 |  7- 9 || total
-------------------------+-------+-------+-------++-------
Melee: Unarmed           |    89 |    93 |       ||   182
       Kick              |       |    17 |       ||    17
       Punch             |       |     4 |       ||     4
 Abil: Evoke Berserk Rag |       |     2 |       ||     2
  Use: Potion            |       |     5 |       ||     5
 Stab: Sleeping          |     2 |       |       ||     2
  Eat: Chunk             |    14 |     9 |       ||    23
Armor: Robe              |    27 |    23 |       ||    50
Dodge: Dodged            |    40 |    38 |       ||    78
